cohdb
Replays
Latest Replays
All Replays
Popular Replays
Top Player Replays
Match Explorer
How It Works
Community
CoH3 Stats
Reddit
Sign in to upload your games and track your stats! →
Sign in with Steam
Match 45849086
Unlisted
Match 45849086
Overview
Messages
Build Orders
End
Pioneer Squad
Construct Infanterie Kompanie
Selects Mechanized Battlegroup
Grenadier Squad
Grenadier Squad
Grenadier Squad
Infanterie Officer Quarters
MG 42 Machine Gun Team
Construct Panzergrenadier Kompanie
Medical Station
Pak 40 Anti-tank Gun Team
Pak 40 Anti-tank Gun Team
MG 42 Bunker
Selects Mobile Repair Stations
Selects Wespe Self-propelled Artillery
251 Medium Carrier
Wespe Self-propelled Artillery
Panzergrenadier Officer Quarters
Support Elements
Selects Mechanized Assault
Panzergrenadier Squad
Wespe Self-propelled Artillery
Selects Raid Package
Selects StuG Assault Group
StuG III G Assault Gun
MG 42 Machine Gun Team
Panzergrenadier Squad
MoronPark-四海云水怒
MonikaのPants
3nder
PAX AJAX
0
0
Comments
sign in to comment!
No comments posted yet!